 Dungeon Crawl Stone Soup version 0.31-a0-1074-g0b22e4e0f1 (webtiles) character file.

Game seed: 5686552084242600763

127154 mandarbmax the Devastator (level 17, -2/103 HPs)
             Began as a Tengu Air Elementalist on Nov 23, 2023.
             Was a High Priest of Vehumet.
             Hit by a silver javelin thrown by a merfolk javelineer (3 damage)
             ... on level 4 of the Shoals on Dec 3, 2023.
             The game lasted 01:54:09 (30179 turns).

mandarbmax the Devastator (Tengu Air Elementalist) Turns: 30179, Time: 01:54:10

Health: -2/103     AC: 20    Str: 11    XL:     17   Next: 0%
Magic:  10/31      EV: 23    Int: 28    God:    Vehumet [*****.]
Gold:   720        SH: 17    Dex: 14    Spells: 4/35 levels left

rFire   . . .        p - staff of air
rCold   + . .        F - +5 kite shield {reflect}
rNeg    . . .        f - +0 acid dragon scales
rPois   .            I - +2 hat of Scuffed Awe {rC+ Will- rCorr}
rElec   +            L - +1 cloak of Starlight {*Dazzle EV+4 Stlth--}
rCorr   +            e - +2 pair of gloves
SInv    .            (boots unavailable)
Will    .....        D - amulet of magic regeneration Stlth
                     g - +4 ring of protection
HPRegen 0.37/turn    G - ring "Leluoff" {rCorr Int+6}
MPRegen 0.62/turn

%: reflection, acrobat
@: flying, studying Unarmed Combat
A: beak, talons 3, evasive flight, acrobatic
a: Renounce Religion


You were on level 4 of the Shoals.
You worshipped Vehumet.
Vehumet was extremely pleased with you.
You visited 5 branches of the dungeon, and saw 26 of its levels.
You also visited: Bailey.

You collected 2723 gold pieces.
You spent 2003 gold pieces at shops.

Inventory:

Armour
 e - a +2 pair of gloves (worn)
 f - +0 acid dragon scales (worn)
 F - a +5 kite shield of reflection (worn)
 I - the +2 hat of Scuffed Awe (worn) {rC+ Will- rCorr}
   (You acquired it on level 2 of the Shoals)

   rC+:       It protects you from cold.
   Will-:     It decreases your willpower.
   rCorr:     It protects you from acid and corrosion.
 L - the +1 cloak of Starlight (worn) {*Dazzle EV+4 Stlth--}
   (You bought it in a shop on level 11 of the Dungeon)

   *Dazzle:   It may blind those who miss an attack against the wearer in melee
   combat.
   EV+4:      It affects your evasion (+4).
   Stlth--:   It makes you much less stealthy.
Magical Staves
 p - a staff of air (weapon)
 B - a staff of conjuration
Jewellery
 b - the ring "Xauvuuxy" {rN+ Dex+2}
   (You took it off a kobold on level 8 of the Dungeon)

   [ring of positive energy]

   Dex+2:     It affects your dexterity (+2).
   rN+:       It protects you from negative energy.
 g - a +4 ring of protection (left hand)
 n - a ring of ice
 D - an amulet of magic regeneration (around neck)
 G - the ring "Leluoff" (right hand) {rCorr Int+6}
   (You found it on level 11 of the Dungeon)

   [ring of intelligence]

   Int+6:     It affects your intelligence (+6).
   rCorr:     It protects you from acid and corrosion.
 K - a ring of ice
 N - a ring of protection from fire
Wands
 d - a wand of light (18)
 m - a wand of flame (6)
 r - a wand of digging (8)
 s - a wand of paralysis (7)
 y - a wand of iceblast (12)
Scrolls
 a - 11 scrolls of teleportation
 c - 4 scrolls of noise
 q - 5 scrolls of fog
 u - 4 scrolls of poison
 x - 2 scrolls of vulnerability
 C - a scroll of immolation
 E - 2 scrolls of identify
 H - 2 scrolls of revelation
 J - a scroll of blinking
 M - 3 scrolls of enchant armour
 O - a scroll of torment
Potions
 h - 3 potions of berserk rage
 i - 5 potions of brilliance
 j - 5 potions of curing
 k - 4 potions of might
 l - 7 potions of enlightenment
 o - 4 potions of mutation
 t - a potion of attraction
 v - a potion of magic
 w - a potion of haste
 z - 3 potions of ambrosia
 A - 3 potions of lignification
 P - a potion of heal wounds


   Skills:
 + Level 10.4 Fighting
 + Level 8.4 Staves
 + Level 9.5 Armour
 + Level 11.4 Dodging
 - Level 2.7 Stealth
 * Level 11.0 Shields
 + Level 9.6 Spellcasting
 * Level 17.6 Conjurations
 + Level 3.3 Summonings
 - Level 0.4 Necromancy
 - Level 5.0 Ice Magic
 - Level 13.0 Air Magic
 + Level 7.6 Evocations


You had 4 spell levels left.
You knew the following spells:

 Your Spells              Type           Power      Damage    Failure   Level
a - Orb of Destruction    Conj           42%        9d12      2%          7
b - Arcjolt               Conj/Air       49%        1d59      1%          5
c - Swiftness             Air            92%        N/A       1%          3
d - Conjure Ball Lightni  Conj/Air       49%        3x3d17    1%          6
f - Freezing Cloud        Conj/Ice/Air   44%        6-21      1%          5
g - Irradiate             Conj/Tmut      29%        3d21      3%          5

Your spell library contained the following spells:

 Spells                   Type           Power      Damage    Failure   Level
 Bombard                  Conj/Erth      29%        9d5       16%         6
 Magic Dart               Conj           100%       1d8       0%          1
 Searing Ray              Conj           100%       2d8       0%          2
 Shock                    Conj/Air       100%       1d9       1%          1
 Momentum Strike          Conj/Tloc      100%       3d10      1%          2
 Poisonous Vapours        Pois/Air       100%       N/A       1%          2
 Static Discharge         Conj/Air       100%       3-8/arc   1%          2
 Frozen Ramparts          Ice            82%        1d13      1%          3
 Mephitic Cloud           Conj/Pois/Air  82%        N/A       1%          3
 Airstrike                Air            46%        2d(7-23)  1%          4
 Fulminant Prism          Conj/Hex       29%        3d14      1%          4
 Cigotuvi's Dreadful Rot  Necr/Pois/Air  100%       N/A       3%          2
 Summon Small Mammal      Summ           100%       N/A       4%          1
 Vhi's Electric Charge    Tloc/Air       100%       N/A       11%         4
 Call Canine Familiar     Summ           32%        N/A       12%         3
 Necrotise                Necr           60%        1d7       13%         1
 Apportation              Tloc           26%        N/A       16%         1
 Sublimation of Blood     Necr           15%        N/A       21%         2
 Blink                    Tloc           26%        N/A       22%         2
 Lesser Beckoning         Tloc           26%        N/A       22%         2
 Summon Guardian Golem    Hex/Summ       22%        N/A       24%         3
 Dispel Undead            Necr           15%        3d10      78%         4
 Petrify                  Tmut/Erth      13%        N/A       83%         4
 Plasma Beam              Fire/Air       33%        2x1d46    36%         6
 Spellforged Servitor     Conj/Summ      32%        N/A       41%         7
 Metabolic Englaciation   Hex/Ice        13%        N/A       83%         5
 Death Channel            Necr           7%         N/A       100%        6
 Malign Gateway           Summ/Tloc      11%        N/A       100%        7


Dungeon Overview and Level Annotations

Branches:
Dungeon (14/15)            Temple (1/1) D:4            Lair (5/5) D:8
 Shoals (4/4) Lair:3        Snake (0/4) Lair:3        Slime (0/5) Lair:5
    Orc (2/2) D:11            Elf (0/3) Orc:2        Vaults (0/5) D:13
 Bailey (visited)

Altars:
Ashenzari
Cheibriados
Dithmenos
Elyvilon
Fedhas
Gozag
Hepliaklqana
Kikubaaqudgha
Makhleb
Nemelex Xobeh
Okawaru
Qazlal
Ru
Sif Muna
Trog
Uskayaw
Vehumet
Wu Jian
Xom
Yredelemnul
Zin
The Shining One
Jiyva

Shops:
D:6 !   D:11 *[?:=   Orc:2 (:[*

Annotations:
D:2 1 runed translucent door, Crazy Yiuf
D:13 Frances


Innate Abilities, Weirdness & Mutations

You have a beak for a mouth.
You have claws for feet.
Your magical flight helps you evade attacks. (EV +4)
You can magically evade attacks while moving or waiting.


Message History

The blast of lightning engulfs your ball lightning.
Your ball lightning completely resists.
The blast of lightning engulfs your ball lightning.
Your ball lightning completely resists.
The blast of lightning engulfs the merfolk!!
You kill the merfolk!
Vehumet accepts your kill.
You feel your power returning.
You hear a splash. x2
The blast of lightning engulfs your ball lightning.
Your ball lightning completely resists.
The blast of lightning engulfs the merfolk impaler!
The merfolk impaler is lightly wounded.
The blast of lightning engulfs your ball lightning.
Your ball lightning completely resists.
Your ball lightning explodes!
The blast of lightning engulfs your ball lightning.
Your ball lightning completely resists.
The blast of lightning engulfs your ball lightning.
Your ball lightning completely resists.
The blast of lightning engulfs you! You resist.
* * * LOW HITPOINT WARNING * * *
The blast of lightning engulfs Ilsuiw!!!
The tide is released from Ilsuiw's call.
You kill Ilsuiw!
Vehumet accepts your kill.
You feel your power returning.
You hear a shout!
You have reached level 17!
Your ball lightning explodes!
The blast of lightning engulfs you! You resist.
* * * LOW HITPOINT WARNING * * *
The blast of lightning engulfs the merfolk impaler!!
The merfolk impaler is heavily wounded.
The blast of lightning engulfs your ball lightning.
Your ball lightning completely resists.
The merfolk javelineer throws a silver javelin.
The silver javelin pierces through you!
* * * LOW HITPOINT WARNING * * *
You die...

~~.......≈≈≈ ..
.....~...≈. ...
.....~....##..~
##.~~~~<....~~~
#....~~......<~
§..§§.§...~~~~~
~§§§§.§...~~~~~
~§m§.*§@.§~~~~~
~§§§.§§.§.~~~~~
~§§§§§*)..~~~~~
~§.§§§.~..~~~~~
...§§§)m~.~~~~~
..§~~~~~~.~~~~~
≈#m#m~~~~~~~###
≈≈≈#≈~~~~~#.


You could see a merfolk impaler (ally target), a merfolk javelineer, 2 merfolk
and 2 friendly ball lightnings.

Vanquished Creatures
  Rupert (D:13)
  Jorgrun (D:13)
  A kraken (Shoals:2)
  Ilsuiw (Shoals:4)
  2 orc warlords
  The ghost of Niosow the Cleaver, a journeyman FoFi of Jiyva (Lair:3)
  A merfolk javelineer (Shoals:1)
  7 merfolk impalers
  4 hydras
  A catoblepas (Lair:1)
  A vault guard (D:13)
  Fannar (Lair:2)
  An alligator snapping turtle (Shoals:2)
  The ghost of ChaoticPyre the Mimic, a journeyman DsSh of Qazlal (Lair:1)
  3 two-headed ogres
  2 merfolk avatars (Shoals:2)
  2 centaur warriors
  2 satyrs (Shoals:3)
  8 death yaks
  3 orc high priests (Orc:2)
  Sonja (Lair:5)
  15 skysharks
  3 fire crabs
  5 sea snakes
  2 lindwurms
  7 orc knights
  2 wolf spiders (Lair:5)
  A deep elf pyromancer (D:13)
  An oklob plant (Lair:2)
  5 manticores
  3 harpies (Shoals:1)
  2 cyclopes
  Maurice (D:8)
  20 fauns
  5 orc sorcerers
  6 merfolk sirens
  14 elephants
  Joseph (D:7)
  6 water nymphs
  A guardian serpent (Lair:5)
  Maggie (D:6)
  10 black mambas
  16 cane toads
  Jeremiah (D:8)
  An efreet (D:11)
  Psyche (D:11)
  13 komodo dragons
  7 rime drakes
  3 kobold demonologists (D:11)
  5 trolls
  A freezing wraith (D:10)
  27 merfolk
  3 hornets (Lair:5)
  6 wind drakes
  3 polar bears
  Prince Ribbit (D:5)
  8 blink frogs
  14 dream sheep
  5 snapping turtles
  A slime creature (D:11)
  2 shadows
  A vampire (D:9)
  3 water elementals
  A fire bat (Shoals:2)
  9 wyverns
  2 wraiths
  2 basilisks
  48 yaks
  2 redbacks (Lair:5)
  Grum (D:8)
  2 steam dragons (D:8)
  3 wargs (D:8)
  Edmund (D:5)
  5 nagas (Lair:3)
  3 acid dragons
  Duvessa (D:6)
  41 orc warriors
  25 water moccasins
  2 ice beasts
  3 black bears
  A sky beast (D:8)
  4 ogres
  11 wolves
  A centaur (D:6)
  2 phantoms (D:5)
  32 kobold brigands
  19 bullfrogs
  Blork the orc (D:6)
  4 gnoll sergeants
  7 scorpions
  11 killer bees
  Dowan (D:6)
  5 howler monkeys
  2 electric eels
  4 hounds
  2 jellies
  31 orc priests
  A sleepcap (D:7)
  Terence (D:2)
  2 hell rats (Lair:5)
  3 iguanas
  24 orc wizards
  23 gnolls
  5 adders
  A white imp (D:6)
  2 ufetubi (D:4)
  A worm (D:2)
  4 dart slugs
  87 orcs
  4 bats
  7 endoplasms
  3 giant cockroaches
  14 goblins
  5 hobgoblins
  33 kobolds
  3 quokkas
  4 ball pythons
  4 frilled lizards
  3 rats
  3 tentacles (Shoals:2)
804 creatures vanquished.

Vanquished Creatures (collateral kills)
  A ball lightning (Shoals:3)
1 creature vanquished.

Vanquished Creatures (others)
  A sky beast (D:8)
  An orc (Orc:1)
  46 ball lightnings
  2 tentacles (Shoals:2)
50 creatures vanquished.

Grand Total: 855 creatures vanquished

Notes
Turn   | Place    | Note
-------+----------+-------------------------------------------
     0 | D:1      | mandarbmax the Tengu Air Elementalist began the quest for
                  | the Orb.
     0 | D:1      | Reached XP level 1. HP: 10/10 MP: 4/4
   180 | D:1      | Found a faded altar of an unknown god.
   273 | D:1      | Reached skill level 2 in Conjurations
   273 | D:1      | Reached XP level 2. HP: 15/15 MP: 4/6
   898 | D:1      | Reached XP level 3. HP: 19/19 MP: 4/7
  1340 | D:2      | Reached skill level 3 in Conjurations
  1386 | D:2      | Noticed Terence
  1394 | D:2      | Killed Terence
  1395 | D:2      | Reached skill level 5 in Air Magic
  1395 | D:2      | Reached XP level 4. HP: 5/24 MP: 3/8
  1488 | D:2      | Learned a level 2 spell: Static Discharge
  1492 | D:2      | Learned a level 3 spell: Swiftness
  1709 | D:2      | Found a runed translucent door.
  1710 | D:2      | Noticed Crazy Yiuf
  2721 | D:3      | Found a basalt altar of Yredelemnul.
  3198 | D:4      | Identified the "Poowal Esaxt"
  3310 | D:4      | Reached skill level 4 in Conjurations
  3345 | D:4      | Reached XP level 5. HP: 28/28 MP: 5/10
  3770 | D:4      | Found a staircase to the Ecumenical Temple.
  3784 | Temple   | Entered the Ecumenical Temple
  3785 | Temple   | Upgraded the game from 0.31-a0-986-g5e6e4ef867 to
                  | 0.31-a0-1074-g0b22e4e0f1
  3800 | Temple   | Became a worshipper of Vehumet
  3835 | D:4      | Reached skill level 5 in Conjurations
  3835 | D:4      | Reached XP level 6. HP: 21/32 MP: 3/11
  4608 | D:5      | Entered Level 5 of the Dungeon
  4794 | D:5      | Reached skill level 6 in Conjurations
  4794 | D:5      | Gained mutation: Your magical flight helps you evade
                  | attacks. (EV +4) [Tengu growth]
  4794 | D:5      | Reached XP level 7. HP: 35/36 MP: 3/13
  4877 | D:5      | Noticed Edmund
  4892 | D:5      | Killed Edmund
  4949 | D:5      | Learned a level 4 spell: Airstrike
  5203 | D:5      | Identified the +7 mace "Yrihaw" {speed, rC+ rN+}
  5226 | D:5      | Found a hide-covered altar of Uskayaw.
  5285 | D:5      | Reached skill level 7 in Conjurations
  5379 | D:5      | Noticed Prince Ribbit
  5382 | D:5      | Killed Prince Ribbit
  5383 | D:5      | Reached XP level 8. HP: 32/41 MP: 7/15
  5528 | D:5      | Found a glowing golden altar of the Shining One.
  5668 | D:5      | Found a sacrificial altar of Ru.
  5751 | D:5      | Reached skill level 8 in Conjurations
  5996 | D:5      | Found a shimmering blue altar of Sif Muna.
  6216 | D:6      | Noticed Duvessa
  6218 | D:6      | Noticed Dowan
  6220 | D:6      | Killed Duvessa
  6234 | D:6      | Killed Dowan
  6436 | D:6      | Found an ancient bone altar of Kikubaaqudgha.
  6617 | D:6      | Reached skill level 9 in Conjurations
  6725 | D:6      | Noticed Blork the orc
  6728 | D:6      | Killed Blork the orc
  6828 | D:6      | Found a hazy altar of Hepliaklqana.
  6857 | D:6      | Noticed Maggie
  6867 | D:6      | Killed Maggie
  6868 | D:6      | Reached skill level 5 in Spellcasting
  6868 | D:6      | Reached skill level 10 in Air Magic
  6868 | D:6      | Reached XP level 9. HP: 45/45 MP: 0/17
  7029 | D:6      | Found Gocupp's Distillery.
  7035 | D:6      | Bought a potion of berserk rage for 75 gold pieces
  7035 | D:6      | Bought a potion of curing for 45 gold pieces
  7035 | D:6      | Bought a potion of might for 60 gold pieces
  7240 | D:6      | Learned a level 3 spell: Mephitic Cloud
  7246 | D:6      | Learned a level 5 spell: Freezing Cloud
  7446 | D:7      | Reached * piety under Vehumet
  7446 | D:7      | Offered knowledge of Sandblast by Vehumet.
  7455 | D:7      | Reached skill level 10 in Conjurations
  7724 | D:7      | Noticed Joseph
  7736 | D:7      | Killed Joseph
  7737 | D:7      | Reached skill level 1 in Ice Magic
  8375 | D:7      | Noticed a komodo dragon
  8381 | D:7      | Killed a komodo dragon
  8382 | D:7      | Reached skill level 1 in Fighting
  8382 | D:7      | Reached skill level 1 in Shields
  8382 | D:7      | Reached XP level 10. HP: 52/52 MP: 13/19
  8690 | D:8      | Noticed Maurice
  8699 | D:8      | Paralysed by Maurice for 4 turns
  8701 | D:8      | Killed Maurice
  8814 | D:8      | Found a flagged portal.
  8825 | Bailey   | Entered a bailey
  8851 | Bailey   | Reached skill level 11 in Conjurations
  8855 | Bailey   | Reached ** piety under Vehumet
  8856 | Bailey   | Offered knowledge of Scorch by Vehumet.
  9088 | Bailey   | Noticed an orc knight
  9090 | Bailey   | Noticed an orc knight
  9097 | Bailey   | Killed an orc knight
  9097 | Bailey   | Killed an orc knight
  9098 | Bailey   | Reached skill level 1 in Armour
  9219 | Bailey   | Found an iron altar of Okawaru.
  9309 | D:8      | Identified the ring "Xauvuuxy" {rN+ Dex+2}
  9427 | D:8      | Found a broken altar of Ashenzari.
  9539 | D:8      | Offered knowledge of Ignite Poison by Vehumet.
  9676 | D:8      | Reached XP level 11. HP: 53/60 MP: 6/21
  9819 | D:8      | Noticed a two-headed ogre
  9829 | D:8      | Killed a two-headed ogre
  9830 | D:8      | Reached skill level 5 in Dodging
 10047 | D:8      | Noticed Jeremiah
 10050 | D:8      | Killed Jeremiah
 10074 | D:8      | Reached *** piety under Vehumet
 10173 | D:8      | Identified a scroll of acquirement
 10223 | D:8      | Acquired 551 gold pieces
 10349 | D:6      | Bought a potion of brilliance for 60 gold pieces
 10349 | D:6      | Bought a potion of heal wounds for 75 gold pieces
 10713 | D:8      | Found a staircase to the Lair.
 10722 | D:8      | HP: 1/61 [orc priest/divine providence (11)]
 10916 | D:8      | Reached skill level 12 in Conjurations
 10993 | D:8      | Noticed Grum
 10997 | D:8      | Killed Grum
 11505 | D:9      | Offered knowledge of Iskenderun's Mystic Blast by Vehumet.
 11981 | D:9      | Reached skill level 5 in Ice Magic
 12511 | D:9      | Found an ornate altar of the Wu Jian Council.
 12596 | D:9      | Found a stormy altar of Qazlal.
 12632 | D:10     | Entered Level 10 of the Dungeon
 12728 | D:10     | Reached skill level 5 in Fighting
 12912 | D:10     | Found an iron altar of Okawaru.
 13082 | D:10     | Identified the +0 buckler "Xinkenawk" {rElec rN+ Str+2
                  | Int-3}
 13296 | D:10     | Noticed a two-headed ogre
 13304 | D:10     | Killed a two-headed ogre
 13305 | D:10     | Reached skill level 13 in Conjurations
 13305 | D:10     | Reached XP level 12. HP: 59/68 MP: 10/23
 13311 | D:10     | Learned a level 5 spell: Irradiate
 13394 | D:10     | Reached **** piety under Vehumet
 13873 | D:11     | Found Bysop's Magic Scroll Shop.
 13878 | D:11     | Bought a scroll of enchant armour for 112 gold pieces
 13896 | D:11     | Offered knowledge of Iskenderun's Battlesphere by Vehumet.
 13991 | D:11     | You are sucked into a shaft and drop 3 floors!
 14007 | D:13     | Found a gate to the Vaults.
 14007 | D:13     | Noticed a vault guard
 14007 | D:13     | Noticed a vault guard
 14007 | D:13     | Noticed a vault guard
 14007 | D:13     | Noticed a vault guard
 14007 | D:13     | Noticed a vault guard
 14007 | D:13     | Noticed a vault guard
 14007 | D:13     | Noticed a vault guard
 14008 | D:13     | Noticed a vault guard
 14012 | D:13     | Noticed Frances
 14013 | D:13     | Noticed Rupert
 14013 | D:13     | Killed a vault guard
 14014 | D:13     | Reached skill level 1 in Staves
 14014 | D:13     | Reached skill level 1 in Evocations
 14229 | D:12     | Noticed a two-headed ogre
 14274 | D:12     | Killed a two-headed ogre
 14435 | D:11     | Noticed Psyche
 14438 | D:11     | Killed Psyche
 14476 | D:11     | Found Yxumesmi's Antique Armour Shop.
 14615 | D:11     | Identified the ring "Leluoff" {rCorr Int+6}
 14619 | D:11     | Identified the +1 quarterstaff "Muifib" {drain, rF++ rC+}
 14795 | D:11     | Found Eshaot's Assorted Antiques.
 14916 | D:11     | Bought a smoky grey potion for 27 gold pieces
 15105 | D:11     | Found Luyc Ret's Jewellery Shoppe.
 15169 | D:11     | Found a staircase to the Orcish Mines.
 15204 | D:11     | Reached ***** piety under Vehumet
 15219 | D:11     | Offered knowledge of Eringya's Noxious Bog by Vehumet.
 15233 | D:11     | Reached skill level 5 in Armour
 15543 | D:11     | Found Zaeror's Book Shoppe.
 16110 | D:13     | Killed Rupert
 16111 | D:13     | Reached skill level 5 in Shields
 16125 | D:13     | Noticed Jorgrun
 16298 | D:13     | Killed Jorgrun
 16299 | D:13     | Reached XP level 13. HP: 21/76 MP: 16/26
 16582 | Lair:1   | Entered Level 1 of the Lair of Beasts
 17004 | Lair:1   | Learned a level 5 spell: Arcjolt
 17145 | Lair:1   | Found a runed translucent door.
 17200 | Lair:1   | Found a bloodstained altar of Trog.
 17298 | Lair:1   | Found a runed translucent door.
 17303 | Lair:1   | Noticed ChaoticPyre's ghost (journeyman DsSh)
 18129 | Lair:1   | Killed ChaoticPyre's ghost
 18927 | Lair:2   | Identified the +2 shortbow "Meckaos" {freeze, +Blink rCorr
                  | Dex-4 SInv}
 19015 | Lair:2   | Reached XP level 14. HP: 84/84 MP: 17/28
 19015 | Lair:2   | Noticed Fannar
 19024 | Lair:2   | Killed Fannar
 19229 | D:11     | Bought the +1 cloak of Starlight {*Dazzle EV+4 Stlth--} for
                  | 854 gold pieces
 19229 | D:11     | Found the +1 cloak of Starlight {*Dazzle EV+4 Stlth--}
 19564 | Lair:3   | Reached skill level 14 in Conjurations
 19575 | Lair:3   | Reached skill level 5 in Staves
 19576 | Lair:3   | Offered knowledge of Olgreb's Toxic Radiance by Vehumet.
 19907 | Lair:3   | Found a staircase to the Shoals.
 20045 | Lair:3   | Found a large runed translucent door.
 20045 | Lair:3   | Found a large runed translucent door.
 20532 | Lair:3   | Found a staircase to the Snake Pit.
 20589 | Lair:3   | Noticed Niosow's ghost (journeyman FoFi)
 20676 | Lair:3   | Killed Niosow's ghost
 20687 | Lair:3   | Identified the +10 halberd of Disharmony {flame, Str+3}
 20854 | Lair:4   | Reached skill level 5 in Evocations
 22111 | Lair:5   | Entered Level 5 of the Lair of Beasts
 22111 | Lair:5   | Noticed Sonja
 22112 | Lair:5   | Killed Sonja
 22238 | Lair:5   | Reached skill level 15 in Conjurations
 22312 | Lair:5   | Reached skill level 10 in Dodging
 22616 | Lair:5   | Reached XP level 15. HP: 85/90 MP: 17/29
 23055 | Lair:5   | Offered knowledge of Ozocubu's Refrigeration by Vehumet.
 23228 | Lair:5   | Found a staircase to the Slime Pits.
 23229 | Lair:5   | Found a viscous altar of Jiyva.
 23921 | Orc:1    | Entered Level 1 of the Orcish Mines
 23931 | Orc:1    | Learned a level 7 spell: Orb of Destruction
 24099 | Orc:1    | Found a burning altar of Makhleb.
 24305 | Orc:2    | Entered Level 2 of the Orcish Mines
 24390 | Orc:1    | Noticed an orc warlord
 24399 | Orc:1    | Killed an orc warlord
 24554 | Orc:2    | Reached skill level 16 in Conjurations
 24584 | Orc:2    | Found a staircase to the Elven Halls.
 24767 | Orc:2    | Noticed an orc warlord
 24772 | Orc:2    | Killed an orc warlord
 25097 | Orc:2    | Offered knowledge of Conjure Ball Lightning by Vehumet.
 25104 | Orc:2    | Paralysed by an orc sorcerer for 3 turns
 25399 | Orc:2    | Found Darumomn's Antique Armour Boutique.
 25400 | Orc:2    | Found Vuurekk's Antique Weapon Shop.
 25402 | Orc:2    | Found Otiedori's General Store.
 25402 | Orc:2    | Found Emacuma's Book Boutique.
 25418 | Orc:2    | Bought a wand of digging (8) for 470 gold pieces
 25487 | Orc:2    | Bought a pair of glowing gloves for 225 gold pieces
 25690 | Shoals:1 | Entered Level 1 of the Shoals
 26169 | Shoals:1 | Reached XP level 16. HP: 97/97 MP: 19/30
 26422 | Shoals:1 | Reached skill level 10 in Shields
 27294 | Shoals:1 | Learned a level 6 spell: Conjure Ball Lightning
 27556 | Shoals:2 | Noticed a kraken
 27559 | Shoals:2 | Reached skill level 10 in Fighting
 27561 | Shoals:2 | Killed a kraken
 27803 | Shoals:2 | Reached skill level 17 in Conjurations
 27803 | Shoals:2 | Reached skill level 1 in Summonings
 27997 | Shoals:2 | Offered knowledge of Bombard by Vehumet.
 28328 | Shoals:2 | Acquired the +2 hat of Scuffed Awe {rC+ Will- rCorr}
 28511 | Shoals:2 | Reached ****** piety under Vehumet
 30171 | Shoals:4 | Entered Level 4 of the Shoals
 30173 | Shoals:4 | Noticed Ilsuiw
 30178 | Shoals:4 | Killed Ilsuiw
 30179 | Shoals:4 | Reached XP level 17. HP: 20/103 MP: 9/31
 30179 | Shoals:4 | HP: 1/103 [merfolk javelineer/silver javelin (9)]
 30179 | Shoals:4 | Hit by a silver javelin thrown by a merfolk javelineer

Illustrated notes

Levels and vault maps discovered:
D:1:      dpeg_arrival_tiny_j, layout_loops_cross,
          chequers_ecumenical_altar_simple
D:2:      layout_basic, uniq_crazy_yiuf_cottage, uniq_terence
D:3:      layout_basic, mainiacjoe_overflow_chevrons
D:4:      layout_gridville, minmay_temple_entry_offerings, minmay_misc_feat_x,
          minmay_manual_mess
D:5:      layout_loops_ring, kennysheep_orc_sif_temple, lemuel_round_altar,
          mainiacjoe_overflow_brackets, tso_oasis_becter, uniq_prince_ribbit1,
          uniq_edmund
D:6:      layout_loops_ring, mainiacjoe_overflow_tiny_flanked,
          kiku_gazebo_pond_becter, serial_shops, nicolae_shop_waterfront,
          uniq_maggie, uniq_duvessa, uniq_blork_the_orc
D:7:      layout_basic, minmay_circle_x, uniq_joseph
D:8:      layout_loops_cross, mainiacjoe_overflow_alcove_1,
          erik_lair_orcish_takeover, enter_bailey_2, minmay_increasing_density,
          uniq_jeremiah, uniq_maurice, uniq_grum
D:9:      layout_irregular_city, mainiacjoe_overflow_swirl
D:10:     layout_basic, mainiacjoe_overflow_alcove_4
D:11:     layout_roguey [special_room_kobold], david_orc_3, serial_shops,
          nicolae_shop_overgrown_old_shop, nicolae_shop_behind_doors,
          nicolae_shop_getting_attention, nicolae_shop_back_alley_shop,
          nicolae_shop_just_a_little_nook, minmay_radiant, uniq_psyche
D:12:     layout_loops_ring
D:13:     layout_stronghold, erik_vaults_2, uniq_jorgrun, uniq_frances,
          uniq_rupert
D:14:     layout_loops_ring, nicolae_ru_path_of_blood
Temple:   grunt_temple_mini_profane
Lair:1:   gammafunk_lair_enchanted_lake, layout_chaotic_city,
          ebering_ghost_reflecting_pool, basic_altar, serial_bayou_lagoon_a
Lair:2:   layout_regular_city, minmay_lair_oklob_bushes, serial_bayou_pond_b,
          uniq_fannar
Lair:3:   layout_misc_corridors, minmay_shoals_entry_hut,
          minmay_snake_entry_guardpost_large, ebering_ghost_disaster_area,
          serial_bayou_crossing
Lair:4:   layout_cave_pods, grunt_megastairs_3, serial_bayou_shore_b
Lair:5:   hangedman_lair_tendril_chambers, layout_gridlike, slime_entry_1,
          nicolae_lair_lakeside_cave, uniq_sonja
Shoals:1: layout_shoals
Shoals:2: layout_shoals, hangedman_shoal_volcano
Shoals:3: layout_shoals
Shoals:4: shoals_end_hangedman, layout_shoals, shoal_ilsuiw
Orc:1:    layout_caves, basic_altar
Orc:2:    st_orc_congregation, layout_diamond_mine

Skill      XL: |  1  2  3  4  5  6  7  8  9 10 11 12 13 14 15 16 |
---------------+-------------------------------------------------+-----
Conjurations   | 2 3 4 5 6 7 9 10 11 13 15 16 17 | 17.6
Air Magic      | 5 6 7 8 10 11 12 13 | 13.0
Spellcasting   | 3 4 5 6 7 8 9 |  9.6
Ice Magic      | 2 4 5 |  5.0
Fighting       | 1 3 5 6 8 9 10 | 10.4
Shields        | 1 3 4 5 6 8 9 11 | 11.0
Dodging        | 4 6 7 9 10 11 | 11.4
Armour         | 2 4 5 6 7 8 9 |  9.5
Staves         | 3 4 6 7 8 |  8.4
Evocations     | 2 4 5 6 7 |  7.6
Summonings     | 3 |  3.3
Stealth        | |  2.7
Necromancy     | |  0.4

Action                     |  1- 3 |  4- 6 |  7- 9 | 10-12 | 13-15 | 16-18 || total
---------------------------+-------+-------+-------+-------+-------+-------++-------
  Melee: Unarmed           |       |     2 |     1 |       |       |       ||     3
         Kick              |       |     1 |     5 |    32 |    52 |     6 ||    96
         Flail             |       |       |     2 |       |       |       ||     2
         Mace              |       |       |    15 |    13 |       |       ||    28
         Peck              |       |       |     7 |    26 |    31 |     1 ||    65
         Staff             |       |       |       |    91 |   135 |    13 ||   239
   Fire: Sling             |     9 |       |       |       |       |       ||     9
   Cast: Shock             |    53 |   119 |    75 |   158 |    12 |       ||   417
         Static Discharge  |       |     9 |    24 |    54 |       |       ||    87
         Swiftness         |       |     1 |     1 |     1 |       |       ||     3
         Airstrike         |       |       |    26 |    83 |   134 |     2 ||   245
         Freezing Cloud    |       |       |     3 |    41 |   124 |    25 ||   193
         Mephitic Cloud    |       |       |     3 |     7 |     2 |       ||    12
         Irradiate         |       |       |       |     6 |     8 |       ||    14
         Arcjolt           |       |       |       |       |    97 |    18 ||   115
         Orb of Destructio |       |       |       |       |    36 |    93 ||   129
         Conjure Ball Ligh |       |       |       |       |       |    18 ||    18
  Evoke: Wand              |       |       |       |     3 |     1 |       ||     4
    Use: Potion            |       |       |     5 |     5 |     2 |     1 ||    13
         Scroll            |       |       |     8 |    13 |     9 |     4 ||    34
   Stab: Sleeping          |       |       |     1 |     1 |       |       ||     2
         Confused          |       |       |       |     1 |       |       ||     1
         Invisible         |       |       |       |       |     3 |       ||     3
 Armour: Robe              |     4 |    24 |    11 |       |       |       ||    39
         Ring mail         |       |       |    29 |       |       |       ||    29
         Skin              |       |       |     1 |       |       |       ||     1
         Acid dragon scale |       |       |    20 |    69 |     6 |    74 ||   169
         Steam dragon scal |       |       |       |    96 |    81 |       ||   177
  Dodge: Dodged            |     5 |    17 |    51 |   180 |   131 |    43 ||   427
  Block: Buckler           |       |       |       |    49 |     9 |       ||    58
         Kite shield       |       |       |       |       |   146 |    65 ||   211
         Reflection        |       |       |       |       |    25 |    25 ||    50

Table legend: (Time is in decaauts)
 A = Elapsed time spent in this place.
 B = Non-inter-level travel time spent in this place.
 C = Inter-level travel time spent in this place.
 D = Time resting spent in this place.
 E = Time spent auto-exploring this place.
 F = Levels seen in this place.
 G = Mean time per level.
                   A        B        C        D        E       F      G
               +--------+--------+--------+--------+--------+-----+--------+
         Total |  30247 |  28725 |   1522 |   4900 |  20180 |  27 | 1120.3 |
       Dungeon |  16402 |  15450 |    952 |   1644 |  12067 |  14 | 1171.6 |
        Temple |    118 |     89 |     29 |     85 |      0 |   1 |  118.0 |
          Lair |   7139 |   6834 |    305 |   1361 |   4610 |   5 | 1427.8 |
        Shoals |   4474 |   4364 |    110 |   1043 |   2727 |   4 | 1118.5 |
  Orcish Mines |   1631 |   1506 |    125 |    552 |    635 |   2 |  815.5 |
        Bailey |    482 |    482 |      0 |    215 |    141 |   1 |  482.0 |
               +--------+--------+--------+--------+--------+-----+--------+

Top non-repeatable levels by time:
     D:8: 2321 daAuts
Shoals:1: 2167 daAuts
  Lair:5: 1643 daAuts
  Lair:1: 1641 daAuts
    D:11: 1433 daAuts
     D:7: 1432 daAuts
  Lair:4: 1415 daAuts
     D:5: 1403 daAuts
     D:9: 1362 daAuts
     D:2: 1313 daAuts
     D:4: 1279 daAuts
     D:6: 1274 daAuts
    D:10: 1264 daAuts
  Lair:3: 1243 daAuts
  Lair:2: 1196 daAuts
